 Dungeon Sprint DCSS version 0.29.1-4-g47bece8355 (webtiles) character file.

Game seed: 9904553422621967857

217 boopmooplesden the Cleaver (level 5, -1/57 HPs)
             Began as a Minotaur Berserker on Dec 11, 2022.
             Was a Priest of Trog.
             Slain by an iguana (6 damage)
             ... in the Dungeon (Sprint IX: "|||||||||||||||||||||||||||||").
             The game lasted 00:00:15 (148 turns).

boopmooplesden the Cleaver (Minotaur Berserker)      Turns: 148, Time: 00:00:15

Health: -1/57      AC:  2    Str: 24    XL:     5   Next: 62%
Magic:  4/4        EV: 13    Int:  4    God:    Trog [***...]
Gold:   0          SH:  0    Dex:  9    Spells: 4/4 levels left

rFire   . . .      SeeInvis .   a - +0 hand axe
rCold   . . .      Faith    .   (no shield)
rNeg    . . .      Spirit   .   b - +0 animal skin
rPois   .          Reflect  .   (helmet restricted)
rElec   .          Harm     .   (no cloak)
rCorr   .          Rampage  .   (no gloves)
Will    .....      NoTele   +   (no boots)
Stlth   +.........              (no amulet)
HPRegen 0.19/turn               (no ring)
MPRegen 0.09/turn               (no ring)

@: lethally poisoned (-1 -> -3), on berserk cooldown, slowed, very slow
A: horns 2, retaliatory headbutt
a: Renounce Religion, Berserk, Trog's Hand


You were in the Dungeon.
You worshipped Trog.
Trog was most pleased with you.
You visited 1 branch

Inventory:

Hand Weapons
 a - a +0 hand axe (weapon)
Armour
 b - a +0 animal skin (worn)
Scrolls
 h - a scroll of blinking
Potions
 c - a potion of curing
 d - a potion of heal wounds
 e - a potion of haste
 f - 2 potions of magic
 g - a potion of berserk rage


   Skills:
 + Level 9.4 Fighting
 + Level 9.6 Axes
 + Level 5.0 Armour
 + Level 4.8 Dodging


You had 4 spell levels left.
You didn't know any spells.
Your spell library was empty.

Dungeon Overview and Level Annotations

Branches:
Dungeon (1/1)

Altars:


Innate Abilities, Weirdness & Mutations

You have a pair of horns on your head.
You reflexively headbutt those who attack you in melee.


Message History

Your Axes skill gained 3 levels and is now at level 8!
Your Armour skill increases to level 4!
Your Dodging skill increases to level 4!
You have reached level 4!
You feel stronger.
You slash the centaur! Your headbutt misses the centaur.
The centaur is moderately wounded.
You feel sick. The centaur hits you. The centaur kicks you.
You slash the centaur! You punch the centaur.
The centaur is almost dead.
You feel sick. The centaur barely misses you. You furiously retaliate!
You headbutt the centaur!
You kill the centaur!
Trog accepts your kill.
Your Fighting skill increases to level 9!
Your Axes skill increases to level 9!
Your Armour skill increases to level 5!
You have reached level 5!
You feel sick. The orc closely misses you.
There is an open door here.
You see here a +0 shortbow.
You slash the orc!
You kill the orc!
Trog accepts your kill.
You feel sick.
You are no longer berserk.
You are exhausted.
You feel yourself slow down.
You feel sick. The iguana closely misses you. You furiously retaliate!
You headbutt the iguana, but do no damage.
Things that are here:
a +0 dagger; an orc corpse You hit the iguana but do no damage.
You feel sick. The iguana bites you!
* * * LOW HITPOINT WARNING * * *
You hit the iguana but do no damage. Your headbutt misses the iguana.
You feel sick. The iguana barely misses you.
You hit the iguana.
You headbutt the iguana, but do no damage.
The iguana is heavily wounded.
You feel sick. The iguana bites you.
You die... ▓▓▓▓▓▓▓▓▓▓▓▓▓▓▓▓▓▓ +...l@)....)'...<▓ ▓▓▓▓▓▓▓▓▓▓▓▓▓▓▓▓▓▓

You could see an iguana.

Vanquished Creatures
  A water moccasin (D)
  A centaur (D)
  An iguana (D)
  An orc (D)
  A bat (D)
  3 endoplasms (D)
  A kobold (D)
9 creatures vanquished.

Notes
Turn   | Place    | Note
-------+----------+-------------------------------------------
     0 | D        | boopmooplesden the Minotaur Berserker began the quest for
                  | the Orb.
     0 | D        | Reached XP level 1. HP: 19/19 MP: 0/0
     9 | D        | Reached ** piety under Trog
   131 | D        | Noticed an iguana
   131 | D        | Noticed a centaur
   131 | D        | Noticed a water moccasin
   131 | D        | Noticed an iguana
   135 | D        | Killed an iguana
   136 | D        | Reached skill level 5 in Fighting
   136 | D        | Reached skill level 5 in Axes
   136 | D        | Reached XP level 2. HP: 26/30 MP: 1/1
   136 | D        | Reached XP level 3. HP: 32/37 MP: 2/2
   140 | D        | Killed a water moccasin
   141 | D        | Reached XP level 4. HP: 36/48 MP: 3/3
   142 | D        | Killed a centaur
   142 | D        | Reached *** piety under Trog
   143 | D        | Reached skill level 5 in Armour
   143 | D        | Reached XP level 5. HP: 30/57 MP: 4/4
   148 | D        | Slain by an iguana

Illustrated notes

Levels and vault maps discovered:
D:        linesprint [early_d, line_temple, items_1, d_10, items_2, lair_1,
          lair_end, items_3, orc_1, orc_end, items_4, d_15, swamp_1, shoals_1,
          snake_1, spider_1, d_20, vaults_1, items_5, swamp_end, shoals_end,
          snake_end, spider_end, vaults_end, d_27, items_6, zot_1, zot_end,
          crypt_end, forest_end, elf_end, slime_end, tomb_end, abyss_end,
          pan_hell_end]

Skill      XL: |  1  2  3  4 |
---------------+-------------+-----
Fighting       | 5 8 9 |  9.4
Axes           | 5 8 9 |  9.6
Armour         | 3 4 5 |  5.0
Dodging        | 3 4 |  4.8

Action                   |  1- 3 |  4- 6 || total
-------------------------+-------+-------++-------
Melee: Hand axe          |    17 |     6 ||    23
       Headbutt          |     1 |     1 ||     2
       Punch             |       |     1 ||     1
Invok: Berserk           |     1 |       ||     1
Armor: Animal skin       |     5 |       ||     5
Dodge: Dodged            |    10 |     4 ||    14
